Cogmind - Beta 16 @@@ ROGUE MODE // 2025.12.21 @ 17:15:38 Player: Oneirical Result: Destroyed by B-75 Beast with Magnetic Acceleration Cannon Performance ------------- Evolutions (2) 1000 Regions Visited (4) 800 Robots Destroyed (73) 365 Value Destroyed (3294) 3294 Prototype IDs (1) 20 Alien Tech Used (0) 0 Bonus (627) 627 TOTAL SCORE: 6106 Bonus ------- High Alert Combat Kills 427 Entered Garrisons 200 Cogmind --------- Core Integrity 0/550 Matter 4/300 Energy 240/240 System Corruption 0% Temperature Cool (0) Movement Core (1600) Ox31 Location -8/Garrison Parts ------- > --- POWER (1) -------- Nuclear Core > --- PROPULSION (3) --- Flight Unit > --- UTILITY (5) ------ Huge Storage Unit Improved Signal Interpreter Hacking Suite Hacking Suite > --- WEAPON (2) ------- Plasma Cannon > --- INVENTORY (25) --- Hacking Suite Relay Coupler [NC] (23) Relay Coupler [Swarmer] (25) Relay Coupler [Grunt] (27) Relay Coupler [Grunt] (21) Relay Coupler [Grunt] (29) Relay Coupler [Sentry] (21) Relay Coupler [Specialist] (18) Assault Cannon Improved Grenade Launcher Improved Grenade Launcher Improved Grenade Launcher Improved Grenade Launcher Remote Datajack Mining Laser Peak State ------------ > --- POWER ------------ Heavy Ion Engine > --- PROPULSION ------- Wheel Wheel Armored Wheel > --- UTILITY ---------- Huge Storage Unit Improved Sensor Array Improved Signal Interpreter Hacking Suite Hacking Suite > --- WEAPON ----------- Plasma Cannon Minigun > --- INVENTORY -------- Heavy Ion Engine Nuclear Core Nuclear Core Nuclear Core Wheel High-capacity Battery Microactuators Propulsion Shielding Propulsion Shielding Light Armor Plating Hacking Suite Hacking Suite Plasma Cannon Light Assault Rifle Minigun Improved Grenade Launcher Improved Grenade Launcher Improved Grenade Launcher Improved Grenade Launcher Remote Datajack Mining Laser Plasma Cutter Hammer [Rating: 32] Favorites ----------- Power Nuclear Core Engine Light Ion Engine Power Core Nuclear Core Propulsion Wheel Treads Light Treads Wheel Wheel Flight Unit Flight Unit Utility Hacking Suite Device Seismic Detector Storage Huge Storage Unit Processor Improved Signal Interpreter Hackware Hacking Suite Protection Improved Light Armor Plating Weapon Improved Grenade Launcher Energy Cannon Plasma Cannon Ballistic Gun Light Assault Rifle Ballistic Cannon Improved Light Cannon Launcher Improved Grenade Launcher Special Weapon Mining Laser Impact Weapon Hammer Build | -11 -10 -9 -8 -8 ------- Run | Yrd Mat Mat Mat Gar Slots Evolved 4 | . . 2 2 . Power . | . . . . . Propulsion 1 | . . 1 . . Utility 3 | . . 1 2 . Weapon . | . . . . . Parts Attached 51 | 7 5 9 19 11 Power 8 | 1 1 3 1 2 Engine 4 | 1 1 2 . . Core 4 | . . 1 1 2 Reactor . | . . . . . Propulsion 10 | 2 2 2 3 1 Treads 2 | 2 . . . . Leg . | . . . . . Wheel 7 | . 2 2 3 . Hover . | . . . . . Flight 1 | . . . . 1 Utility 14 | 2 . 3 7 2 Device 3 | 1 . 1 1 . Storage 2 | 1 . 1 . . Processor 3 | . . 1 2 . Hackware 3 | . . . 2 1 Protection 3 | . . . 2 1 Artifact . | . . . . . Weapon 19 | 2 2 1 8 6 Energy Gun . | . . . . . Energy Cannon 2 | . . . 2 . Ballistic Gun 5 | 2 1 . 2 . Ballistic Cannon 1 | . . 1 . . Launcher 8 | . . . 3 5 Special Weapon 2 | . 1 . . 1 Impact Weapon 1 | . . . 1 . Slashing Weapon . | . . . . . Piercing Weapon . | . . . . . Special Melee Weapon . | . . . . . Unidentified Prototypes 1 | . . 1 . . Parts Lost 19 | . . . 11 8 Power 2 | . . . 1 1 Propulsion 7 | . . . 4 3 Utility 3 | . . . 2 1 Weapon 7 | . . . 4 3 Highest Loss Streak 6 | . . . 6 3 To Critical Strikes . | . . . . . Average Backups 15 | . 5 10 20 19 Power 1 | . . 1 3 1 Propulsion . | . . 1 . . Utility 6 | . 2 2 6 10 Weapon 5 | . 3 4 7 6 Tool/Special . | . . . . . Unused Backups 23 | . . 6 1 16 Power 3 | . . 1 1 1 Propulsion 1 | . . 1 . . Utility 13 | . . . . 13 Weapon 5 | . . 4 . 1 Tool/Special 1 | . . . . 1 Average Slot Usage (%) 88 | . 100 99 92 77 Engine 5 | . 14 7 5 . Core 5 | . . 3 3 8 Treads 4 | . 23 . . . Wheel 16 | . 4 33 23 11 Flight 1 | . . . . 2 Device 5 | . 14 11 5 . Storage 10 | . 14 11 9 9 Processor 10 | . . 10 9 15 Hackware 8 | . . . 15 11 Protection 2 | . . . 1 4 Energy Cannon 1 | . . . 2 3 Ballistic Gun 7 | . 24 15 2 . Launcher 4 | . . . 4 7 Special Weapon 3 | . 3 2 4 2 Impact Weapon 1 | . . . 3 2 Peak Build Rating 32 | 7 7 17 32 29 Average Rating 19 | 5 7 13 26 24 On Entrance 11 | . 7 7 17 24 Avg Prop Armor Cover (%) 6 | . . . . 6 Naked Turns . | . . . . . Heaviest Build 103 | 12 14 94 98 103 Greatest Support 40 | 40 40 32 36 30 Greatest Overweight (x) 31 | . 1 2 9 31 Average Overweight (x) 2 | . . . 2 6 Largest Inventory Capacity 25 | 8 8 25 25 25 Average Capacity 19 | 7 8 13 25 25 Most Carried 25 | 1 8 20 23 25 Average Carried 15 | . 6 10 20 19 Final Capacity 25 | 8 8 25 25 25 Final Carried 20 | 1 8 20 17 15 Class Distribution -------------------- 67% | Mutant 28% | Hacker-Mutant 4% | Scavenger-Mutant Dominant Class ---------------- Mutant | -10/Materials Mutant | -9/Materials Hacker-Mutant | -8/Materials Mutant | -8/Garrison Resources | -11 -10 -9 -8 -8 ----------- Run | Yrd Mat Mat Mat Gar Matter Collected 1594 | 168 323 185 429 489 Remotely . | . . . . . Salvage Created 2311 | 45 492 273 656 845 Parts 146 | 7 36 17 38 48 Haulers Intercepted 3 | . 1 1 1 . Recyclers Shooed 1 | . 1 . . . Parts Field Recycled . | . . . . . Retrieved Matter . | . . . . . Parts Self-Destructed . | . . . . . Prevented . | . . . . . Parts Restored . | . . . . . Kills | -11 -10 -9 -8 -8 ------- Run | Yrd Mat Mat Mat Gar Combat Hostiles Destroyed 61 | . 14 6 16 25 Guns 18 | . 14 1 3 . Cannons 10 | . . 5 . 5 AOE 30 | . . . 11 19 Classes Destroyed 12 | 1 4 1 6 . Worker 3 | . 1 . 2 . Builder 1 | . . . 1 . Tunneler 2 | 2 . . . . Hauler 3 | . 1 1 1 . Recycler 1 | . . . 1 . Mechanic 1 | . . . 1 . Operator 1 | . . . 1 . Swarmer 12 | . 6 . . 6 Grunt 37 | . 8 5 8 16 Duelist 2 | . . . 2 . Sentry 8 | . . 1 4 3 Hunter 2 | . . . 2 . Best Kill Streak 11 | 1 6 3 11 4 Combat Bots Only 9 | . 5 2 9 4 Max Kills in Single Turn 3 | 1 2 1 3 2 Gunslinging 1 | . 1 . . . Exploded 2 | . . . 1 2 Melee . | . . . . . Uniques/NPCs Destroyed . | . . . . . Combat | -11 -10 -9 -8 -8 -------- Run | Yrd Mat Mat Mat Gar Hostile Shots Fired 290 | . 76 16 106 92 Missed 85 | . 23 4 26 32 Hits 205 | . 53 12 80 60 Melee 5 | . . . 5 . Projectile 200 | . 53 12 75 60 Critical Strikes 6 | . 1 . 5 . Damage Taken 3099 | . 555 150 1437 957 Core 673 | . 98 25 275 275 Absorbed by Shields . | . . . . . Regen/Repaired (Parts) 99 | . . . 99 . Core Remaining (%) 84 | 100 60 93 . . Volleys Fired 161 | 3 44 22 64 28 Largest 2 | 2 2 2 2 2 Hottest 120 | 40 120 100 105 80 Shots Fired 249 | 6 84 36 82 41 Gun 124 | 6 79 14 25 . Cannon 31 | . . 14 9 8 Launcher 55 | . . . 24 31 Special 39 | . 5 8 24 2 Kinetic 138 | 6 79 28 25 . Thermal 56 | . 5 8 33 10 Explosive 55 | . . . 24 31 Electromagnetic . | . . . . . Robot Hit Streak 17 | 4 9 4 11 17 Robot Miss Streak 3 | . 3 2 1 2 Penetration Max . | . . . . . Secondary Targets 7 | . 5 . 2 . Max Gunslinging Chain 1 | . 1 . 1 . Shots Hit Robots 156 | 4 50 15 51 36 Core Hits 116 | 3 27 11 40 35 Critical Kills 1 | . 1 . . . Critical Parts Destroyed 6 | . 1 . 1 4 Critical Strikes 7 | . 2 . 1 4 Destroy 2 | . 2 . . . Smash 5 | . . . 1 4 Melee Attacks 28 | . . . 4 24 Impact 28 | . . . 4 24 Slashing . | . . . . . Piercing . | . . . . . Sneak Attacks . | . . . . . Combat Hostiles . | . . . . . Follow-up Attacks . | . . . . . Damage Inflicted 5747 | 42 546 250 2292 2617 Guns 966 | 42 546 40 338 . Cannons 590 | . . 210 200 180 Explosions 3579 | . . . 1675 1904 Melee 606 | . . . 79 527 Ramming 6 | . . . . 6 Kinetic 1176 | 42 546 250 338 . Thermal 380 | . . . 200 180 Explosive 3579 | . . . 1675 1904 Electromagnetic . | . . . . . Impact 606 | . . . 79 527 Slashing . | . . . . . Piercing . | . . . . . Highest Corruption . | . . . . . Average Corruption . | . . . . . Corruption Purged . | . . . . . Corruption Blocked . | . . . . . Overload Shots . | . . . . . Overflow Damage 337 | . . . 100 237 Projectiles 34 | . . . 21 13 Explosions 131 | . . . 46 85 Melee 172 | . . . 33 139 Knockbacks 5 | . . 1 2 2 Impact 3 | . . . 2 1 Kinetic 1 | . . 1 . . Secondary 1 | . . . . 1 Self-Inflicted Damage 458 | . . . 201 257 Shots 17 | . . . 8 9 Rammed 1 | . . . . 1 Targets Rammed 1 | . . . . 1 Kicked . | . . . . . Crushed . | . . . . . Highest Temperature 391 | . 60 48 391 90 Average Temperature 74 | . 15 14 183 21 Received Heat Transfer 891 | . 207 78 432 174 Effects 3 | . . . 3 . Energy Bleed 2 | . . . 2 . Matter Decay 1 | . . . 1 . Siege Activations . | . . . . . Martial Activations . | . . . . . Shielding Activations . | . . . . . Robots Disrupted . | . . . . . Combat Hostiles . | . . . . . Robots Corrupted 7 | . . . 2 5 Combat Hostiles 7 | . . . 2 5 Parts Fried 5 | . . . . 5 Impact Corruptions 9 | . . . 2 7 Robots Melted . | . . . . . Combat Hostiles . | . . . . . Parts Melted 1 | . . . . 1 Heat Transferred 750 | . . . 400 350 Parts Sabotaged . | . . . . . Parts Stolen . | . . . . . Parts Stripped . | . . . . . Power Chain Reactions . | . . . . . Alert | -11 -10 -9 -8 -8 ------- Run | Yrd Mat Mat Mat Gar Maximum Alert Level 4 | . 1 . 2 4 Low Security (%) 41 | 100 73 100 51 . Level 1 15 | . 26 . 28 11 Level 2 12 | . . . 20 18 Level 3 10 | . . . . 23 Level 4 20 | . . . . 46 Level 5 . | . . . . . High Security . | . . . . . Max Security . | . . . . . Peak Influence 1352 | 5 243 98 530 1352 Initial 315 | . . 68 28 315 Average 491 | . 121 36 189 970 Influence Increases 2497 | 10 393 178 799 1117 Destroy 0b10 Robot/C 1220 | . 280 120 320 500 Destroy 0b10 Robot/NC 80 | 10 10 5 35 20 Destroy Leader 186 | . 52 22 92 20 Successful Hack 26 | . 4 9 1 12 Disable Machine 210 | . 15 . 105 90 Anti-Garrison Action 300 | . . . . 300 Destroy Structure 250 | . 2 7 126 115 Lose Combat Pursuer 225 | . 30 15 120 60 Influence Decreases 1145 | 10 231 272 382 250 Entered New Map 304 | . . 94 40 170 Time Decay 651 | 10 231 178 232 . Lost Part 190 | . . . 110 80 Squads Dispatched 2 | . 2 . . . Investigation . | . . . . . Extermination . | . . . . . Reinforcement 2 | . 2 . . . Assault . | . . . . . Garrison . | . . . . . Intercept . | . . . . . Searches Triggered . | . . . . . Construction Impeded . | . . . . . Haulers Reinforced . | . . . . . Active Scanning Responses . | . . . . . Cargo Convoy Interrupts . | . . . . . Stealth | -11 -10 -9 -8 -8 --------- Run | Yrd Mat Mat Mat Gar Distress Signals 4 | . 1 . 3 . Communications Jammed . | . . . . . Distress Signals . | . . . . . Times Spotted 82 | . 20 7 26 29 Peak Tracking Total 9 | . 6 3 9 4 Tactical Retreats 9 | . 2 1 4 2 Traps | -11 -10 -9 -8 -8 ------- Run | Yrd Mat Mat Mat Gar Traps Triggered 5 | . . . . 5 Indirectly . | . . . . . Trap Hack Attempts . | . . . . . Triggered . | . . . . . Disarmed . | . . . . . Reprogrammed . | . . . . . Reused . | . . . . . Traps Extracted . | . . . . . Installed . | . . . . . Triggered . | . . . . . Machines | -11 -10 -9 -8 -8 ---------- Run | Yrd Mat Mat Mat Gar Machines Disabled 18 | . 1 . 7 10 Max in Single Turn 2 | . 1 . 1 2 Garrison Relay 3 | . . . . 3 Phase Generator 1 | . . . . 1 Machines Repaired . | . . . . . Machines Dismantled 4 | . . . . 4 Machines Sabotaged . | . . . . . Overloaded Fab Kills . | . . . . . Hacking | -11 -10 -9 -8 -8 --------- Run | Yrd Mat Mat Mat Gar Machines Accessed 13 | . 2 4 5 2 Terminals 7 | . 2 2 1 2 Fabricators . | . . . . . Repair Stations 2 | . . . 2 . Recycling Units 1 | . . 1 . . Scanalyzers 2 | . . 1 1 . Garrison Access 1 | . . . 1 . Total Hacks 32 | . 8 11 10 3 Successful 22 | . 3 10 8 1 Failed 10 | . 5 1 2 2 Catastrophic . | . . . . . Database Lockouts . | . . . . . Manual . | . . . . . Terminals 19 | . 8 6 2 3 Fabricators . | . . . . . Repair Stations 5 | . . . 5 . Recycling Units 2 | . . 2 . . Scanalyzers 5 | . . 3 2 . Garrison Access 1 | . . . 1 . Terminal Hacks 10 | . 3 5 1 1 Record 1 | . . 1 . . Emergency Access Points 1 | . 1 . . . Terminal Index 1 | . 1 . . . Locate Traps 1 | . . 1 . . Dispatch Records 2 | . 1 1 . . Hauler Manifests 2 | . . 2 . . Zone Layout 1 | . . . 1 . Patrol Navigation 1 | . . . . 1 Fabricator Hacks . | . . . . . Repair Station Hacks 4 | . . . 4 . Scan Component 2 | . . . 2 . Repair 2 | . . . 2 . Recycling Unit Hacks 2 | . . 2 . . Report Inventory 1 | . . 1 . . Retrieve Components 1 | . . 1 . . Scanalyzer 5 | . . 3 2 . Retrieve Study 5 | . . 3 2 . Garrison Access Hacks 1 | . . . 1 . Unlock Access 1 | . . . 1 . Unauthorized Hacks . | . . . . . Terminals . | . . . . . Fabricators . | . . . . . Repair Stations . | . . . . . Recycling Units . | . . . . . Scanalyzers . | . . . . . Garrison Access . | . . . . . Data Cores Recovered 1 | . . . 1 . Used . | . . . . . Hacking Detections 9 | . 2 3 3 1 Full Trace Events . | . . . . . Feedback Events . | . . . . . Feedback Blocked . | . . . . . Robot Schematics Acquired . | . . . . . Robots Built . | . . . . . Authchips . | . . . . . Time . | . . . . . Total Robot Build Rating . | . . . . . Part Schematics Acquired . | . . . . . Parts Built . | . . . . . Authchips . | . . . . . Time . | . . . . . Total Part Build Rating . | . . . . . Part Studies Acquired 4 | . . 2 2 . Parts Repaired 2 | . . . 2 . Time 58 | . . . 58 . Parts Recycled . | . . . . . Recycled Matter . | . . . . . Retrieved Matter . | . . . . . Retrieved Components 2 | . . 2 . . Parts Scanalyzed . | . . . . . Part Schematics Acquired . | . . . . . Parts Damaged . | . . . . . Bothacking | -11 -10 -9 -8 -8 ------------ Run | Yrd Mat Mat Mat Gar Used RIF Installer . | . . . . . Robots Hacked . | . . . . . Non-combat . | . . . . . Combat . | . . . . . Robot Hacks Applied . | . . . . . Relay Couplers Released 15 | . . . . 15 Machine Destruction 15 | . . . . 15 Fabnet Peak Effective % . | . . . . . Robots Rewired . | . . . . . Allies Hacked . | . . . . . Hacks Repelled . | . . . . . Allies | -11 -10 -9 -8 -8 -------- Run | Yrd Mat Mat Mat Gar Total Allies . | . . . . . Largest Group . | . . . . . Highest-Rated Group . | . . . . . Highest-Rated Ally . | . . . . . Total Orders . | . . . . . Ally Attacks . | . . . . . Total Damage . | . . . . . Kills . | . . . . . Allies Corrupted . | . . . . . Allies Melted . | . . . . . Intel | -11 -10 -9 -8 -8 ------- Run | Yrd Mat Mat Mat Gar Active Infowar (turns) 1859 | 37 694 630 498 . Sensors 1127 | . . 629 498 . Seismic 733 | 37 694 2 . . Robot Analysis Total . | . . . . . Derelict Logs Recovered . | . . . . . Drone Launches . | . . . . . Drone Recoveries . | . . . . . Exploration | -11 -10 -9 -8 -8 ------------- Run | Yrd Mat Mat Mat Gar Turns Passed 3917 | 95 694 631 779 1718 Spaces Moved 1757 | 50 377 295 436 599 Core 48 | 3 . . . 45 Treads 295 | 47 248 . . . Legs . | . . . . . Wheels 1414 | . 129 295 436 554 Hover . | . . . . . Flight . | . . . . . Fastest Speed 50 | 50 80 80 103 115 Average Speed 160 | 153 132 96 115 244 Slowest Speed 1600 | 160 160 113 205 1600 Overloaded Moves . | . . . . . Propulsion Burnouts . | . . . . . Robots Hopped . | . . . . . Potential Cave-ins . | . . . . . Cave-ins Triggered . | . . . . . Exploration Rate (%) 39 | 5 60 24 44 66 Regions Visited 4 Branch Regions . Pre-discovered Areas . | . . . . . Known Exits Taken 2 | . . 1 1 . Unknown Exits Taken 2 | 1 1 . . . Scrap Searched . | . . . . . Spaces Dug 21 | . 3 5 11 2 Terrain Destroyed 328 | . 4 8 183 133 Melee 2 | . . . . 2 Projectile 31 | . 4 8 19 . AOE 295 | . . . 164 131 Terrain Rammed . | . . . . . Walls Destroyed . | . . . . . Machines Disabled . | . . . . . Actions | -11 -10 -9 -8 -8 --------- Run | Yrd Mat Mat Mat Gar Total 2439 | 60 482 595 574 728 Wait 315 | . 49 231 33 2 Move 1753 | 49 376 294 435 599 Hop . | . . . . . Pick Up 49 | 1 6 22 8 12 Fast Attach 14 | 7 . 1 5 1 Attach 17 | . . 3 10 4 Detach 3 | . . 1 1 1 Swap 42 | . 6 9 11 16 Drop 28 | . 1 12 3 12 Fire 161 | 3 44 22 64 28 Melee 28 | . . . 4 24 Ram 1 | . . . . 1 Kick . | . . . . . Crush . | . . . . . Escape Stasis 8 | . . . . 8 Rewire . | . . . . . Trap . | . . . . . Miscellaneous 20 | . . . . 20 Route ------- -11/Scrapyard -10/Materials (discovered 3 exits: *Mat x2 / [*Min]) -9/Materials -8/Materials -8/Garrison (discovered 3 exits: *Fac x3) History --------- Turn | Location | Event 11 | -11/Scrapyard | Discovered new exit (range 15) 96 | -11/Scrapyard | Entered Materials 317 | -10/Materials | Build established: Mutant 365 | -10/Materials | Discovered new exit (range 7) 702 | -10/Materials | Discovered new exit (range 15) 787 | -10/Materials | Discovered new exit (range 4) 790 | -10/Materials | Entered another Materials area 790 | -9/Materials | Evolved 2 slots: Propulsion x1, Utility x1 1411 | -9/Materials | Discovered new exit (range 9) 1420 | -9/Materials | Identified exit to Materials 1421 | -9/Materials | Entered another Materials area 1421 | -8/Materials | Evolved 2 slots: Utility x2 1510 | -8/Materials | Repaired Arm. Wheel+ 1748 | -8/Materials | Build established: Hacker-Mutant 1849 | -8/Materials | Destroyed 9 combat bots 1857 | -8/Materials | Lost 6 parts (3n3w) 1962 | -8/Materials | Lost 3 parts (1p1u1w) 2182 | -8/Materials | Repaired Wheel+ 2195 | -8/Materials | Identified exit to Garrison 2200 | -8/Materials | Entered Garrison 2362 | -8/Garrison | Triggered checkpoint 2391 | -8/Garrison | Triggered checkpoint 2420 | -8/Garrison | Triggered checkpoint 2447 | -8/Garrison | Triggered checkpoint 2451 | -8/Garrison | Core integrity fell below 50% 2532 | -8/Garrison | Phase Generator disabled 2539 | -8/Garrison | Discovered new exit (range 7) 2547 | -8/Garrison | Identified exit to Factory 2665 | -8/Garrison | Build established: Mutant 2700 | -8/Garrison | Discovered exit to Factory (range 12) 2711 | -8/Garrison | Triggered checkpoint 2753 | -8/Garrison | Garrison Relay disabled 2951 | -8/Garrison | Garrison Relay disabled 2976 | -8/Garrison | Triggered checkpoint 3018 | -8/Garrison | Garrison Relay disabled 3081 | -8/Garrison | Spotted B-75 Beast 3082 | -8/Garrison | Spotted B-75 Beast 3116 | -8/Garrison | Triggered checkpoint 3160 | -8/Garrison | Lost 3 parts (1n1u1w) 3356 | -8/Garrison | Core integrity fell below 20% 3633 | -8/Garrison | Discovered exit to Factory (range 15) 3725 | -8/Garrison | Build established: Hacker-Mutant 3918 | -8/Garrison | Destroyed by B-75 Beast with Magnetic Acceleration Cannon Last Messages --------------- 03367_ Destroyed Flight Unit. 03369_ S-10 Pest destroyed. 03373_ Destroyed Flight Unit. 03373_ Lgt. Assault Rifle melted. 03373_ S-10 Pest destroyed. 03400_ ALERT: Garrison interior compromised. 03404_ Acquired 16 matter. 03419_ Acquired 13 matter. 03451_ Acquired Flight Unit. 03453_ Dropped Hcp. Battery. 03454_ Dropped Microactuators. 03454_ Dropped Propulsion Shielding. 03455_ Dropped Lgt. Armor Plating. 03456_ Discarded Imp. Targeting Computer. 03456_ Dropped Lgt. Nuclear Core. 03457_ Dropped Imp. Heat Sink. 03473_ The unstable cave ceiling collapses. 03633_ EXIT=FOUND: FACTORY 03908_ B-75 Beast springs to life. [Achievement: Tester] Map ----- +----------------------------------------------------+ | ?### ####????### ######?????????? | | ####= !!####??????###??????????????? | | # = #???????????????????????? | | # #### ## ## #### #???????????????????????? | | ###### ## ## #### #############???????????? | | ????????????? | | #####?????????????? | | " #### ^^ # ##????????????? | | # #??## ## ## ##### ###^ # ##???????????? | | # #???# ## = ## #???# #?# ####???????????? | | # #???#^ ######## #???# #?# ! * =# #???????????? | | # #####^^#??????# #???# #?# *!!## # #???????????? | | " #??????# #???# #?# !!!## ###???????????? | | ###### #??????# #???# #?# *[## #????????????? | | #?????# #??????# ##### ### %## ##### #####??? | | ????? #??????# | | ??? #??????# | | ??########??????# ######### ### ############### | | ????????????????# #???????# #?# #?????????????? | | ????????????????# #???????# #?# #?????????????? | | ????????????????# #???????# ### #?????????????? | | ????????????????# ?????##?# ## #######???????? | | ???????????????? ?????# ## ?????? | | ???????????????? ?????# ?????? | | ?????????????# !####### #"""##### #??????? | | ?????????????# BB @ = ##????????????????? | | ?????????????# BB#####% #????????????????? | | ????????????????????????# [ #????????????????? | | ????????????????????????# = ##????????????????? | | ????????????????????????### #????????????????? | | ??????????????????????????## ##????????????????? | | ???????????????????????????# #?????????????????? | | ???????????????????????????# #?????????????????? | | ???????????????????????????# #?????????????????? | | ???????????????????????????# #?????????????????? | | ???????????????????????????# #?????????????????? | | ???????????????????????????# #?????????????????? | | ???????????????????????????# ?????????????????? | | ???????????????????????????# < ????????????????? | | ???????????????????????????# #???????????????? | | ???????????????????????????#######???????????????? | | ?????????????????????????????????????????????????? | | ?????????????????????????????????????????????????? | | ?????????????????????????????????????????????????? | | ?????????????????????????????????????????????????? | | ?????????????????????????????????????????????????? | | ?????????????????????????????????????????????????? | | ?????????????????????????????????????????????????? | | ?????????????????????????????????????????????????? | | ?????????????????????????????????????????????????? | +----------------------------------------------------+ Best States ------------- Heat Dissipation 31 Energy Generation 14 Energy Capacity 280 Matter Stores 300 Matter Capacity 300 Sight Range 16 Robot Scan Range 15 Terrain Scan Density 10 Armor Coverage 150 Propulsion Shielding 33 Evasion (%) 44 Targeting Accuracy 6 Recoil Reduction 2 Offensive Hacking 20 Item Schematics ----------------- None Robot Schematics ------------------ None Fabricated ------------ Nothing Repaired ---------- Arm. Wheel | 40% | -8/Materials Wheel | 2% | -8/Materials Studied --------- Arm. Wheel | -9/Materials | Hacked Wheel | -9/Materials | Hacked Minigun | -8/Materials | Hacked Imp. Grenade Launcher | -8/Materials | Hacked Alien Tech Used ----------------- None Achievements -------------- Tester Challenges ------------ None Game ------ Seed MassMultitargetingSpecial Manual? 0 Play Time 00:32:12 Cumulative 43.6 hours Start 2025.12.21 @ 16:45:05 End 2025.12.21 @ 17:15:38 Sessions 1 Manual Loads 0 Difficulty Rogue Special Mode None Game No. 36 Rogue 34 Adventurer 2 Explorer 0 Win Type - Total 1 Types 0/0/0/1/0/0/0/0/0/0 Lore% 31 Gallery% 50 Achievement% 42 Wizard Run 0 Options --------- Layout 2 ASCII 0 Keyboard 1 Movement Numpad Keybinds 0 Fullscreen 1 Font 32/SmallcapsGlow Map View 50x49 Zoom Use 0% Tactical HUD 1 Map Filters NONE Filters NONE Steam 0 RUN: 731c61aa-6361-4b29-b8bb-4e05ae031418